 Dungeon Crawl Stone Soup version 0.19.1 (webtiles) character file.

866 Naow the Cleaver (level 7, 0/64 HPs)
             Began as a Minotaur Berserker on Dec 9, 2016.
             Was a Priest of Trog.
             Slain by an orc
             ... wielding a +0 whip
              (1 damage)
             ... on level 4 of the Dungeon.
             The game lasted 00:06:41 (3760 turns).

Naow the Cleaver (Minotaur Berserker)               Turns: 3760, Time: 00:06:42

Health: 0/64       AC:  2    Str: 21    XL:     7   Next: 72%
Magic:  6/6        EV: 18    Int: 11    God:    Trog [***...]
Gold:   115        SH:  0    Dex: 15    Spells: 0 memorised, 6 levels left

rFire  + . .     SeeInvis .     a - +0 hand axe
rCold  + . .     Gourm    .     b - +0 animal skin
rNeg   . . .     Faith    .     (no shield)
rPois  +         Spirit   .     (helmet restricted)
rElec  +         Reflect  .     (no cloak)
rCorr  +         Harm     .     (no gloves)
MR     .....                    (no boots)
Stlth  ++........               (no amulet)
                                (no ring)
                                (no ring)

@: brilliant, agile, exhausted, resistant, very slightly contaminated, slowed,
invisible, very slow
A: retaliatory headbutt, horns 2
a: Berserk, Trog's Hand, Burn Spellbooks, Renounce Religion


You were on level 4 of the Dungeon.
You worshipped Trog.
Trog was most pleased with you.
You were hungry.

You visited 1 branch of the dungeon, and saw 4 of its levels.

You collected 115 gold pieces.

Inventory:

Hand Weapons
 a - a +0 hand axe (weapon)
 j - a +2 hand axe of freezing
 z - a +0 war axe
Missiles
 s - 59 stones (quivered)
Armour
 b - a +0 animal skin (worn)
 y - a +0 pair of gloves
Jewellery
 e - a +5 ring of evasion {unknown}
 D - an uncursed ring of wizardry {unknown}
Wands
 i - a wand of lightning (10/15)
 A - a wand of iceblast (1/15)
Scrolls
 g - 2 scrolls of enchant weapon {unknown}
 h - 2 scrolls of amnesia {unknown}
 q - a scroll of identify {unknown}
 r - 2 scrolls of teleportation {unknown}
 t - a scroll of fog {unknown}
 w - a scroll of enchant armour {unknown}
 x - a scroll of blinking {unknown}
Potions
 n - a potion of mutation {unknown}
 o - 3 potions of resistance
 v - a potion of might {unknown}
 B - a potion of magic {unknown}
Comestibles
 c - 2 bread rations
 d - 10 fruits
 p - 2 meat rations
 u - a beef jerky
 C - 5 chunks of flesh


   Skills:
 + Level 6.7 Fighting
 * Level 8.0 Axes
 + Level 5.7 Armour
 - Level 2.1 Dodging


You had 6 spell levels left.
You didn't know any spells.

Dungeon Overview and Level Annotations

Branches:
Dungeon (4/15)
 Temple: D:4-7

Altars:
Uskayaw
Xom
The Shining One

Annotations:
D:4 1 runed door


Innate Abilities, Weirdness & Mutations

You reflexively headbutt those who attack you in melee.
You have a pair of horns on your head.


Message History

You fade into invisibility!
The bullfrog closely misses you. You furiously retaliate!
You headbutt the bullfrog. The orc misses you. You furiously retaliate!
You headbutt the orc!
You kill the orc!
Trog accepts your kill. The orc misses you. You furiously retaliate!
You headbutt the orc. The orc misses you. The bullfrog closely misses you.
You furiously retaliate!
You headbutt the bullfrog.
The orc priest casts a cantrip, but nothing happens.
You are very lightly contaminated with residual magic.
You catch the helpless bullfrog completely off-guard!
You hit the bullfrog. Your headbutt misses the bullfrog.
The bullfrog is heavily wounded.
You hit the orc. You hit the orc priest. You closely miss the orc.
The orc hits you with a whip.
* * * LOW HITPOINT WARNING * * *
The orc closely misses you. The bullfrog misses you.
The orc hits you with a whip.
You die...

...#..........#.#### #.
...').........#.# #.
...#..........#.# #.
...#...###...##.################.
...#...###...##....#.............
...#.........####'###+######..###
...#.........##..o.##....###..###
...#...........o....#............
...#...........†@...#............
...#.........c.Fo...#............
...#########'##########'#####+###
.................#.##....###...##
.................#..............#
................................#
.................#....).........#
.................####'########..#
#'###########'###...÷...<....####


You could see a bullfrog, a centaur (wandering), an orc priest and 2 orcs.

Vanquished Creatures
  Sigmund (D:4)
  Eustachio (D:4)
  An ogre (D:4)
  Blork the orc (D:4)
  A jelly (D:4)
  A hound (D:4)
  2 orc wizards (D:3)
  A centaur skeleton (D:4)
  2 iguanas (D:4)
  3 gnolls (D:3)
  A howler monkey skeleton (D:3)
  5 adders
  A shadow imp (D:1)
  3 oozes (D:1)
  A worm (D:2)
  2 dart slugs (D:1)
  3 leopard geckos
  10 orcs
  5 bats
  6 giant cockroaches
  6 goblins
  5 hobgoblins
  9 jackals
  A quokka (D:2)
  3 ball pythons
  4 frilled lizards
  12 kobolds
  9 rats
100 creatures vanquished.

Notes
Turn   | Place    | Note
-------+----------+-------------------------------------------
     0 | D:1      | Naow the Minotaur Berserker began the quest for the Orb.
     0 | D:1      | Reached XP level 1. HP: 19/19 MP: 0/0
    40 | D:1      | Reached skill level 4 in Axes
    40 | D:1      | Reached XP level 2. HP: 16/27 MP: 1/1
   340 | D:1      | Found a shimmering altar of Xom.
   416 | D:1      | Reached XP level 3. HP: 31/33 MP: 2/2
   470 | D:1      | Reached ** piety under Trog
  1340 | D:2      | Found a hide-covered altar of Uskayaw.
  1346 | D:2      | Reached XP level 4. HP: 34/41 MP: 3/3
  1721 | D:2      | Found a glowing golden altar of the Shining One.
  1883 | D:3      | Reached skill level 5 in Axes
  1888 | D:3      | Reached XP level 5. HP: 24/47 MP: 4/4
  1889 | D:3      | Reached skill level 5 in Fighting
  2746 | D:3      | Reached *** piety under Trog
  3051 | D:4      | Reached XP level 6. HP: 44/56 MP: 5/5
  3080 | D:4      | Noticed Sigmund
  3090 | D:4      | Killed Sigmund
  3090 | D:4      | Reached skill level 6 in Axes
  3216 | D:4      | Noticed Blork the orc
  3224 | D:4      | Killed Blork the orc
  3224 | D:4      | Reached skill level 5 in Armour
  3224 | D:4      | Reached XP level 7. HP: 63/63 MP: 6/6
  3256 | D:4      | Found a runed door.
  3289 | D:4      | Noticed Eustachio
  3308 | D:4      | Killed Eustachio
  3308 | D:4      | Reached skill level 7 in Axes
  3727 | D:4      | HP: 2/96 [acid (9)]
  3728 | D:4      | Reached skill level 8 in Axes
  3760 | D:4      | HP: 1/64 [orc/whip (5)]
  3760 | D:4      | Slain by an orc

Skill      XL: |  1  2  3  4  5  6  7 |
---------------+----------------------+-----
Axes           | 4 5 6 8 |  8.0
Fighting       | 4 5 6 |  6.7
Armour         | 3 4 5 |  5.7
Dodging        | |  2.1

Action                   |  1- 3 |  4- 6 |  7- 9 || total
-------------------------+-------+-------+-------++-------
Melee: Hand axe          |    76 |   109 |    55 ||   240
       Headbutt          |     9 |    11 |    13 ||    33
Invok: Berserk           |     2 |     4 |     2 ||     8
       Trog's Hand       |       |     2 |     1 ||     3
  Use: Potion            |       |       |     5 ||     5
 Stab: Sleeping          |     1 |       |       ||     1
       Invisible         |       |       |     1 ||     1
  Eat: Chunk             |     3 |    10 |     4 ||    17
Armor: Animal skin       |    12 |    12 |     2 ||    26
Dodge: Dodged            |    55 |    78 |    40 ||   173
